 Dungeon Crawl Stone Soup version 0.22.1-1-ga44c0e5 (webtiles) character file.

226 sanboga the Skirmisher (level 6, -1/39 HPs)
             Began as a Gargoyle Berserker on Nov 1, 2018.
             Was a Follower of Trog.
             Slain by a centaur (7 damage)
             ... on level 6 of the Dungeon.
             The game lasted 00:01:31 (608 turns).

sanboga the Skirmisher (Gargoyle Berserker)          Turns: 608, Time: 00:01:32

Health: -1/39      AC:  6    Str: 23    XL:     6   Next: 1%
Magic:  6/6        EV: 12    Int:  7    God:    Trog [*.....]
Gold:   43         SH:  0    Dex:  9    Spells: 5/5 levels left

rFire    . . .     SeeInvis .   a - +0 hand axe
rCold    . . .     Gourm    .   (no shield)
rNeg     + . .     Faith    .   b - +0 animal skin
rPois    ∞         Spirit   .   (no helmet)
rElec    +         Reflect  .   (no cloak)
rCorr    .         Harm     .   (no gloves)
MR       .....                  (no boots)
Stlth    +.........             (no amulet)
HPRegen  0.13/turn              (no ring)
MPRegen  0.10/turn              (no ring)

@: no status effects
A: negative energy resistance 1, electricity resistance, unbreathing,
petrification resistance, rot immunity, AC +4
a: Berserk, Renounce Religion


You were on level 6 of the Dungeon.
You worshipped Trog.
Trog was aware of your devotion.
You were hungry.

You visited 1 branch of the dungeon, and saw 6 of its levels.

You collected 43 gold pieces.

Inventory:

Hand Weapons
 a - a +0 hand axe (weapon)
Armour
 b - a +0 animal skin (worn)
Scrolls
 d - 2 scrolls of fog {unknown}
 e - a scroll of magic mapping {unknown}
Comestibles
 c - a ration


   Skills:
 + Level 4.5 Fighting
 + Level 3.7 Axes
 + Level 3.7 Armour
 + Level 2.8 Dodging


You had 5 spell levels left.
You didn't know any spells.
Your spell library was empty.

Dungeon Overview and Level Annotations

Branches:
Dungeon (6/15)
 Temple: D:4-7

Altars:

Annotations:
D:4 Blork the orc


Innate Abilities, Weirdness & Mutations

You are resistant to torment.
Your stone body is resilient. (AC +4)
You are immune to poison.
You resist negative energy. (rN+)
You are resistant to electric shocks. (rElec)
You can survive without breathing.
You are immune to petrification.
You are immune to rotting.


Message History

You closely miss the centaur.
The centaur is moderately wounded.
The centaur hits you but does no damage.
The centaur hits you.
You closely miss the centaur.
The centaur is moderately wounded.
The centaur hits you.
* * * LOW HITPOINT WARNING * * *
You hit the centaur.
The centaur is moderately wounded.
The centaur hits you.
* * * LOW HITPOINT WARNING * * *
The centaur closely misses you.
You hit the centaur.
The centaur is heavily wounded.
The centaur hits you but does no damage. x2
You barely miss the centaur.
The centaur is heavily wounded.
The centaur hits you!
You die...

#......... #........
#....... #......
#.....
##+######+####....
................c#
................@#
..<..............#
.................#
.................#
.................#
#######.......#'####
#.......#....#
#.......#....#
#.......#....#


You could see a centaur.

Vanquished Creatures
  An ogre (D:4)
  4 orc wizards (D:4)
  An iguana (D:6)
  A leopard gecko (D:5)
  An orc (D:4)
  2 goblins (D:2)
  2 jackals (D:4)
12 creatures vanquished.

Notes
Turn   | Place    | Note
-------+----------+-------------------------------------------
     0 | D:1      | sanboga the Gargoyle Berserker began the quest for the Orb.
     0 | D:1      | Reached XP level 1. HP: 14/14 MP: 1/1
     9 | D:1      | You fall through a shaft!
    70 | D:3      | You fall through a shaft!
    90 | D:4      | Noticed an ogre
    99 | D:4      | Killed an ogre
    99 | D:4      | Reached skill level 4 in Fighting
    99 | D:4      | Reached XP level 2. HP: 20/20 MP: 2/2
    99 | D:4      | Reached XP level 3. HP: 24/24 MP: 3/3
    99 | D:4      | Reached XP level 4. HP: 29/29 MP: 4/4
   285 | D:4      | Reached XP level 5. HP: 11/33 MP: 5/5
   518 | D:4      | Noticed Blork the orc
   524 | D:5      | Entered Level 5 of the Dungeon
   573 | D:6      | Reached XP level 6. HP: 27/39 MP: 6/6
   608 | D:6      | Slain by a centaur

Skill      XL: |  1 |
---------------+----+-----
Fighting       | 4 |  4.5
Axes           | 3 |  3.7
Armour         | 3 |  3.7
Dodging        | 2 |  2.8

Action                   |  1- 3 |  4- 6 || total
-------------------------+-------+-------++-------
Melee: Hand axe          |     6 |    35 ||    41
Invok: Berserk           |     1 |     1 ||     2
Armor: Animal skin       |     1 |    15 ||    16
Dodge: Dodged            |     2 |    22 ||    24
